 Dungeon Crawl Stone Soup version 0.17.1-3-g152610e (webtiles) character file.

494 Jerry the Sneak (level 7, -14/46 HPs)
             Began as an Octopode Monk on Mar 24, 2016.
             Demolished by an ogre
             ... wielding a +0 giant club
              (16 damage)
             ... on level 5 of the Dungeon.
             The game lasted 00:13:20 (3949 turns).

Jerry the Sneak (Octopode Monk)                     Turns: 3949, Time: 00:13:20

Health: -14/46     AC:  6    Str: 10    XL:     7   Next: 15%
Magic:  7/7        EV: 10    Int: 13    God:
Gold:   236        SH: 14    Dex: 16    Spells: 0 memorised, 6 levels left

rFire  . . .     SeeInvis .     r - +2 mace (protect)
rCold  . . .     Clarity  .     o - +2 large shield
rNeg   + . .     SustAt   .     (helmet restricted)
rPois  .         Gourm    .     l - amulet of warding
rElec  .         Spirit   .     (no ring)
rCorr  .         Warding  +     (no ring)
rMut   .         Stasis   .     (no ring)
MR     .....                    (no ring)
Stlth  +++++.....               (no ring)
                                (no ring)
                                (no ring)
                                (no ring)

@: not resistant to hostile enchantments, quite stealthy
A: almost no armour, amphibious, 8 rings, constrict 8, camouflage 1, gelatinous
body 1
a: no special abilities


You were on level 5 of the Dungeon.
You were hungry.

You visited 2 branches of the dungeon, and saw 6 of its levels.

You collected 236 gold pieces.

Inventory:

Hand Weapons
 r - a +2 mace of protection (weapon)
 u - a +1 dagger of freezing
Missiles
 g - 3 silver tomahawks (quivered)
Armour
 o - a +2 large shield (worn)
Jewellery
 l - an amulet of warding (around mantle)
Wands
 i - a wand of disintegration (11)
Scrolls
 c - a scroll of blinking {unknown}
 h - a scroll of amnesia
 k - 2 scrolls of identify
 s - 2 scrolls of teleportation
Potions
 b - 2 potions of heal wounds {unknown}
 e - 5 potions of curing {unknown}
 j - 4 potions of might {unknown}
 m - a potion of invisibility {unknown}
 n - a potion of ambrosia {unknown}
Comestibles
 a - 2 bread rations
 d - 9 fruits
 f - a slice of pizza
 p - 6 chunks of flesh
 q - a beef jerky
 t - a meat ration


   Skills:
 - Level 3.0 Fighting
 - Level 4.2 Dodging
 + Level 7.0 Stealth
 * Level 4.5 Shields
 - Level 4.0 Unarmed Combat


You had 6 spell levels left.
You didn't know any spells.

Dungeon Overview and Level Annotations

Branches:
Dungeon (5/15)             Temple (1/1) D:4

Altars:
Gozag
Makhleb
Nemelex Xobeh
Okawaru
Vehumet
Xom


Innate Abilities, Weirdness & Mutations

You cannot wear most types of armour.
You are amphibious.
You can wear up to eight rings at the same time.
You can use your tentacles to constrict eight enemies at once.
Your skin changes colour to match your surroundings (Stealth).
Your rubbery body absorbs attacks (AC +1).


Message History

A giant cockroach comes into view.
The helpless ogre fails to defend itself.
You hit the ogre.
The ogre is lightly wounded.
You block the ogre's attack.
You hit the ogre. You squeeze the ogre.
The ogre is moderately wounded.
You block the ogre's attack.
You hit the ogre but do no damage.
The ogre is moderately wounded.
The ogre hits you with a giant club! The ogre hits you with a giant club!!
Ouch! That really hurt!
* * * LOW HITPOINT WARNING * * *
You hit the ogre.
The ogre is moderately wounded.
The ogre closely misses you.
You sock the ogre!
The ogre is severely wounded.
The worker ant barely misses you. The ogre hits you with a giant club!
You die...

#.# ##.## #.# ...#
##...# #.# ##. ...
#..#.# ###.#####.. .!
##...# #......##.# .#
# #<###
#.#.##.##.##.##.##
#รท#
#.#.##.##............#
# #.##.##..#..#..#####
#)#.##.##..@O....#
#..........a..##.#
###.##.###.#s## #....#
#..... ##### ###.###
..# ..# ..#


You could see an ogre, a worker ant and a giant cockroach.

Vanquished Creatures
  An ogre (D:4)
  Blork the orc (D:4)
  A scorpion (D:4)
  A hound (D:2)
  2 orc priests (D:4)
  Terence (D:3)
  3 gnolls (D:4)
  7 adders
  2 oozes
  2 worms
  A giant gecko (D:2)
  2 orcs
  15 bats
  4 giant cockroaches
  5 goblins
  5 hobgoblins
  7 jackals
  3 giant newts
  8 kobolds
  8 rats
79 creatures vanquished.

Notes
Turn   | Place    | Note
--------------------------------------------------------------
     0 | D:1      | Jerry the Octopode Monk began the quest for the Orb.
     0 | D:1      | Reached XP level 1. HP: 16/16 MP: 1/1
   280 | D:1      | Reached XP level 2. HP: 21/21 MP: 2/2
   467 | D:2      | Found a burning altar of Makhleb.
   479 | D:2      | Reached XP level 3. HP: 8/26 MP: 3/3
   771 | D:2      | Reached XP level 4. HP: 16/31 MP: 4/4
  1097 | D:2      | Reached skill level 5 in Stealth
  1693 | D:3      | Noticed Terence
  1706 | D:3      | Killed Terence
  1706 | D:3      | Reached skill level 1 in Shields
  1706 | D:3      | Reached XP level 5. HP: 36/36 MP: 5/5
  2632 | D:4      | Reached skill level 6 in Stealth
  2632 | D:4      | Reached XP level 6. HP: 30/42 MP: 6/6
  2853 | D:4      | Found a staircase to the Ecumenical Temple.
  2862 | Temple   | Entered the Ecumenical Temple
  3303 | D:4      | Noticed an ogre
  3308 | D:4      | Killed an ogre
  3354 | D:4      | Noticed Blork the orc
  3362 | D:4      | Killed Blork the orc
  3362 | D:4      | Reached skill level 7 in Stealth
  3362 | D:4      | Reached XP level 7. HP: 28/46 MP: 7/7
  3860 | D:5      | Entered Level 5 of the Dungeon
  3947 | D:5      | HP: 1/46 [ogre/giant club (29)]
  3949 | D:5      | Demolished by an ogre

Action                   |  1- 3 |  4- 6 |  7- 9 || total
-------------------------+-------+-------+-------++-------
Melee: Unarmed           |    31 |   120 |       ||   151
       Mace              |       |    17 |    11 ||    28
Throw: Tomahawk          |       |     1 |       ||     1
  Use: Scroll            |       |       |     6 ||     6
 Stab: Sleeping          |     6 |    24 |     3 ||    33
  Eat: Chunk             |       |     8 |     1 ||     9
